 Dungeon Crawl Stone Soup version 0.18.1-50-g88ac8fd (webtiles) character file.

31893 magog001 the Severer (level 13, 0/125 HPs)
             Began as a Minotaur Fighter on Sept 6, 2018.
             Was an Elder of Nemelex Xobeh.
             Killed from afar by a catoblepas (6 damage)
             ... with a blast of calcifying dust
             ... on level 6 of the Lair of Beasts.
             The game lasted 01:21:51 (14398 turns).

magog001 the Severer (Minotaur Fighter)            Turns: 14398, Time: 01:21:53

Health: 0/125      AC: 27    Str: 25    XL:     13   Next: 28%
Magic:  13/13      EV: 10    Int: 12    God:    Nemelex Xobeh [****..]
Gold:   1301       SH: 17    Dex: 14    Spells: 0 memorised, 12 levels left

rFire  . . .     SeeInvis +     G - +2 broad axe of Nehum {freeze, *Rage rC+ Int+3 Dex+4}
rCold  + . .     Gourm    .     J - +5 ring mail
rNeg   . . .     Faith    .     c - +0 shield
rPois  .         Spirit   .     (helmet restricted)
rElec  +         Dismiss  .     v - +2 cloak
rCorr  .         Reflect  +     O - +0 pair of gloves
SustAt .         Harm     .     i - +2 pair of boots
MR     .....     Rnd*Rage +     A - +3 amulet of reflection
Stlth  +......... Rnd*Tele +    y - +2 ring of protection
                                X - ring of see invisible

@: exhausted, slowed, very slow, not resistant to hostile enchantments, very
unstealthy
A: retaliatory headbutt, horns 2, rough black scales 1, rugged brown scales 1,
blink, clever 2, regeneration 1, electricity resistance, teleportitis 1, wild
magic 1
a: Blink, Triple Draw, Deal Four, Renounce Religion


You were on level 6 of the Lair of Beasts.
You worshipped Nemelex Xobeh.
Nemelex Xobeh was greatly pleased with you.
You were very full.

You visited 3 branches of the dungeon, and saw 16 of its levels.
You also visited: Ossuary.

You collected 2899 gold pieces.
You spent 1598 gold pieces at shops.

Inventory:

Hand Weapons
 G - the +2 broad axe of Nehum (weapon) {freeze, *Rage rC+ Int+3 Dex+4}
   (You found it on level 4 of the Lair of Beasts)

   It has been specially enchanted to freeze those struck by it, causing extra
   injury to most foes and up to half again as much damage against particularly
   susceptible opponents.
   It can also slow down cold-blooded creatures.
   It affects your intelligence (+3).
   It affects your dexterity (+4).
   It protects you from cold.
   It may make you go berserk in combat.
 M - a +0 hunting sling
Missiles
 s - 178 sling bullets
Armour
 c - a +0 shield (worn)
 i - a +2 pair of boots (worn)
 v - a +2 cloak (worn)
 J - a +5 ring mail (worn)
 O - a +0 pair of gloves (worn)
Jewellery
 y - a +2 ring of protection (right hand)
 A - a +3 amulet of reflection (around neck)
 I - an uncursed ring of flight
 X - a ring of see invisible (left hand)
Wands
 o - a wand of polymorph (8/24)
 u - a wand of digging (12/24)
 x - a wand of teleportation (3/9)
 D - a wand of slowing (25/48)
 K - a wand of lightning (8/15)
 V - a wand of flame (31/48)
 W - a wand of disintegration (1/24)
 Z - a wand of lightning (6/15)
Scrolls
 e - a scroll of identify
 k - 3 scrolls of fear
 m - 5 scrolls of teleportation
 F - 2 scrolls of remove curse
 Q - 3 scrolls of amnesia
 U - 5 scrolls of recharging
Potions
 b - 2 potions of resistance
 g - 3 potions of agility
 h - 4 potions of curing
 n - a potion of magic
 r - a potion of haste
 t - 2 potions of brilliance
 z - 2 potions of flight
 C - 4 potions of invisibility
Miscellaneous
 a - a legendary deck of escape {drawn: 1}
 d - a crystal ball of energy
 j - a plain deck of war {drawn: 2}
 l - a crystal ball of energy
 P - an ornate deck of war {drawn: 1}
 S - an ornate deck of escape {drawn: 2}
Comestibles
 f - 9 bread rations
 p - 6 beef jerkies
 q - 14 meat rations
 E - 2 slices of pizza
 H - 7 fruits
 R - 12 royal jellies


   Skills:
 * Level 13.0 Fighting
 * Level 15.2 Axes
 - Level 0.2 Slings
 * Level 10.8 Armour
 - Level 2.3 Stealth
 * Level 14.4 Shields
 - Level 1.8 Evocations


You had 12 spell levels left.
You didn't know any spells.

Dungeon Overview and Level Annotations

Branches:
Dungeon (9/15)             Temple (1/1) D:7            Lair (6/8) D:9
 Shoals (0/4) Lair:5       Spider (0/4) Lair:6
  Slime: Lair:6-8       Orc: D:9-12

Altars:
Ashenzari
Cheibriados
Dithmenos
Elyvilon
Fedhas
Gozag
Kikubaaqudgha
Makhleb
Nemelex Xobeh
Okawaru
Pakellas
Qazlal
Ru
Sif Muna
Trog
Vehumet
Xom
Yredelemnul
Zin
The Shining One

Shops:
D:7 !   D:9 *


Innate Abilities, Weirdness & Mutations

You reflexively headbutt those who attack you in melee.
You have a pair of horns on your head.
You are partially covered in rough black scales (AC +4, Dex -1).
You are partially covered in rugged brown scales (AC +1, +3% HP).
You can translocate small distances at will.
Your mind is very acute. (Int +4)
Your natural rate of healing is unusually fast.
You are resistant to electric shocks.
You are occasionally teleported next to monsters.
Your spells are a little harder to cast, but a little more powerful.


Message History

The catoblepas breathes a plume of calcifying dust at you.
The blast of calcifying dust hits you!
* * * LOW HITPOINT WARNING * * *
The blast of calcifying dust hits the redback.
The redback is engulfed in calcifying dust.
The redback is moving more slowly.
The river rat bites you but does no damage.
The komodo dragon barely misses you.
The catoblepas gores you but does no damage.
The river rat is engulfed in calcifying dust.
The river rat is moving more slowly.
You block the river rat's attack. The river rat barely misses you.
The river rat is engulfed in calcifying dust.
The river rat is moving more slowly.
The komodo dragon closely misses you.
The catoblepas breathes a plume of calcifying dust at you.
The blast of calcifying dust hits the river rat.
The river rat dies!
The blast of calcifying dust hits you!
You die...
Your body glows with a rainbow of weird colours and disappears.

#...≈ ...........P### #P..≈
.............. ##....
............. ....♣.
....#..#(P.. ##..≈
.....#...#.# #...♣
.........#.#### ###..
#.....Yr...#.# ..####....
##.....r§@...## #.#..#..P♣
.......§l†....###......P.
.......§.......P#......#
......s§..†...........# #
.......§...........<..####
..........................#.
............................
........>...................
.....:...................###


You could see a catoblepas, a komodo dragon, a redback (petrifying) and 2 river
rats.

Vanquished Creatures
  A hydra (Lair:2)
  3 catoblepae (Lair:6)
  The ghost of magog001 the Blocker, a novice HOFi of Nemelex Xobeh (D:9)
  4 death yaks (Lair:6)
  Pikel (D:5)
  A griffon (Lair:5)
  6 elephants (Lair:5)
  A siren (Lair:5)
  Joseph (D:7)
  9 spiny frogs
  A rime drake (Lair:4)
  5 komodo dragons
  2 merfolk (Lair:5)
  A polar bear (Lair:1)
  8 blink frogs
  Prince Ribbit (D:7)
  A boulder beetle (D:8)
  A spriggan (Lair:1)
  A vampire (D:9)
  24 yaks
  2 hippogriffs
  A hungry ghost (D:8)
  2 basilisks (Lair:4)
  2 swamp worms (Lair:4)
  2 soldier ants (D:9)
  10 water moccasins
  10 porcupines
  An orc warrior (D:8)
  A sky beast (D:9)
  A slave (D:5)
  2 ice beasts
  A black bear (Lair:2)
  2 wasps (D:9)
  6 ogres
  19 wolves
  3 centaurs
  9 crocodiles
  9 giant frogs
  A gnoll sergeant (D:7)
  4 scorpions
  11 killer bees
  An electric eel (Lair:6)
  7 howler monkeys
  5 crimson imps
  A centaur zombie (D:6)
  3 giant frog skeletons
  An orc priest (D:7)
  A centaur skeleton (D:8)
  3 hounds
  3 orc wizards
  Ijyb (D:3)
  5 worker ants
  11 iguanas
  Natasha (thrice) (D:3)
  12 sheep (Lair:6)
  A killer bee zombie (D:5)
  2 big kobold zombies (Ossuary)
  A hound zombie (D:9)
  2 hound skeletons (D:5)
  8 mummies (Ossuary)
  8 gnolls
  12 adders
  69 river rats
  A shadow imp (D:5)
  An ooze (D:4)
  An adder zombie (D:5)
  2 adder skeletons (D:4)
  20 worms
  8 giant geckos
  23 orcs
  3 giant cockroaches
  2 gnoll zombies (Ossuary)
  8 goblins
  6 hobgoblins
  6 jackals
  2 kobolds
  2 quokkas
  6 bats
  5 giant newts
  A hobgoblin zombie (Ossuary)
  A jackal zombie (D:6)
  3 kobold zombies (Ossuary)
  2 quokka skeletons (D:4)
  5 rats
  4 fungi
  4 plants
448 creatures vanquished.

Vanquished Creatures (collateral kills)
  Rupert (Lair:5)
  A hydra (Lair:6)
  2 yaks (Lair:5)
  An iguana (Lair:5)
5 creatures vanquished.

Vanquished Creatures (others)
  A wolf (Lair:2)
  A crimson imp (D:5)
  A hound skeleton (D:5)
  A worker ant zombie (D:5)
  An adder (D:5)
  A river rat (Lair:6)
  A shadow imp (D:5)
  4 fungi
  7 plants
18 creatures vanquished.

Grand Total: 471 creatures vanquished

Notes
Turn   | Place    | Note
--------------------------------------------------------------
     0 | D:1      | magog001 the Minotaur Fighter began the quest for the Orb.
     0 | D:1      | Reached XP level 1. HP: 19/19 MP: 0/0
   432 | D:2      | Reached XP level 2. HP: 27/27 MP: 1/1
   493 | D:2      | Reached XP level 3. HP: 31/33 MP: 2/2
   697 | D:2      | Reached skill level 3 in Axes
   924 | D:3      | Reached XP level 4. HP: 38/40 MP: 3/3
   984 | D:3      | Noticed an ogre
  1097 | D:3      | Noticed Natasha
  1113 | D:3      | Killed Natasha
  1113 | D:3      | Reached XP level 5. HP: 15/46 MP: 4/4
  1243 | D:3      | Noticed Natasha
  1249 | D:3      | Killed Natasha
  1249 | D:3      | Reached skill level 5 in Armour
  1249 | D:3      | Reached skill level 5 in Shields
  1529 | D:3      | Noticed Ijyb
  1603 | D:3      | Killed Ijyb
  1776 | D:3      | Noticed Natasha
  1787 | D:3      | Killed Natasha
  1976 | D:3      | Reached skill level 4 in Axes
  2538 | D:2      | Killed an ogre
  2538 | D:2      | Reached XP level 6. HP: 17/55 MP: 5/5
  2884 | D:4      | Reached skill level 5 in Fighting
  2904 | D:4      | Found a sand-covered staircase.
  2909 | Ossuary  | Entered an ossuary
  2940 | Ossuary  | Reached XP level 7. HP: 46/61 MP: 6/6
  3318 | D:4      | Found an oddly glowing altar of Pakellas.
  3320 | D:4      | Found a deep blue altar of Sif Muna.
  3321 | D:4      | Found a blossoming altar of Fedhas.
  3321 | D:4      | Found a snail-covered altar of Cheibriados.
  3322 | D:4      | Found a radiant altar of Vehumet.
  3322 | D:4      | Found an ancient bone altar of Kikubaaqudgha.
  3322 | D:4      | Found a basalt altar of Yredelemnul.
  3807 | D:4      | Got a transparent marble ring
  3947 | D:5      | Entered Level 5 of the Dungeon
  3952 | D:5      | Reached skill level 5 in Axes
  3998 | D:5      | Noticed Pikel
  4019 | D:5      | Killed Pikel
  4019 | D:5      | Reached skill level 6 in Axes
  4019 | D:5      | Reached XP level 8. HP: 48/70 MP: 7/7
  4100 | D:5      | Identified the ring "Jaygijit" {Ice Int+3 Dex+5 Slay-4} (You found it on level 4 of the Dungeon)
  4791 | D:5      | Gained mutation: You are partially covered in rugged brown scales (AC +1, +3% HP). [potion of mutation]
  4791 | D:5      | Gained mutation: Your spells are a little harder to cast, but a little more powerful. [potion of mutation]
  4791 | D:5      | Gained mutation: Your natural rate of healing is unusually fast. [potion of mutation]
  4792 | D:5      | Gained mutation: You are occasionally teleported next to monsters. [potion of mutation]
  4792 | D:5      | Gained mutation: You can translocate small distances at will. [potion of mutation]
  4792 | D:5      | Gained mutation: You are resistant to electric shocks. [potion of mutation]
  4793 | D:5      | Gained mutation: Your mind is acute. (Int +2) [potion of mutation]
  4793 | D:5      | Gained mutation: Your mind is very acute. (Int +4) [potion of mutation]
  4793 | D:5      | Gained mutation: You are partially covered in rough black scales (AC +4, Dex -1). [potion of mutation]
  4975 | D:5      | Identified a scroll of acquirement
  5022 | D:6      | Reached skill level 7 in Axes
  5076 | D:6      | Reached skill level 1 in Evocations
  5082 | D:6      | Found an oddly glowing altar of Pakellas.
  5446 | D:6      | Found an ancient bone altar of Kikubaaqudgha.
  5583 | D:6      | Reached XP level 9. HP: 81/81 MP: 8/8
  5974 | D:7      | Found a sacrificial altar of Ru.
  5982 | D:7      | Reached skill level 1 in Stealth
  6082 | D:7      | Reached skill level 8 in Axes
  6202 | D:7      | Noticed Joseph
  6204 | D:7      | Noticed Prince Ribbit
  6213 | D:7      | Killed Joseph
  6214 | D:7      | Killed Prince Ribbit
  6240 | D:7      | Found Goyng's Distillery.
  6247 | D:7      | Reached skill level 9 in Axes
  6353 | D:7      | Bought 2 potions of curing for 78 gold pieces
  6353 | D:7      | Bought a potion of lignification for 39 gold pieces
  6353 | D:7      | Bought 2 potions of curing for 78 gold pieces
  6353 | D:7      | Bought a potion of curing for 39 gold pieces
  6353 | D:7      | Bought a potion of curing for 39 gold pieces
  6353 | D:7      | Bought a potion of lignification for 39 gold pieces
  6353 | D:7      | Bought a potion of might for 52 gold pieces
  6353 | D:7      | Bought a potion of curing for 39 gold pieces
  6353 | D:7      | Bought a potion of curing for 39 gold pieces
  6353 | D:7      | Bought a potion of curing for 39 gold pieces
  6541 | D:7      | Found a staircase to the Ecumenical Temple.
  6559 | Temple   | Entered the Ecumenical Temple
  6572 | Temple   | Became a worshipper of Nemelex Xobeh the Trickster
  6789 | D:8      | Received a gift from Nemelex Xobeh
  7174 | D:8      | Reached skill level 10 in Shields
  7362 | D:8      | Received a gift from Nemelex Xobeh
  7384 | D:8      | Reached XP level 10. HP: 29/92 MP: 9/9
  7608 | D:8      | You fall through a shaft!
  7609 | D:9      | Reached * piety under Nemelex Xobeh
  7626 | D:9      | Found a staircase to the Lair.
  7679 | D:9      | Found Haefusia's Assorted Antiques.
  7688 | D:9      | Bought a wand of flame for 28 gold pieces
  7688 | D:9      | Bought a scroll of teleportation for 84 gold pieces
  7688 | D:9      | Bought a potion of curing for 84 gold pieces
  7688 | D:9      | Bought a scroll labeled MOIMONW CANE for 28 gold pieces
  7688 | D:9      | Bought a scroll of recharging for 266 gold pieces
  7688 | D:9      | Bought a scroll of identify for 56 gold pieces
  7688 | D:9      | Bought a scroll of identify for 56 gold pieces
  7688 | D:9      | Bought a brown potion for 25 gold pieces
  7688 | D:9      | Bought a scroll of recharging for 266 gold pieces
  7688 | D:9      | Bought a potion of flight for 84 gold pieces
  7688 | D:9      | Bought a tubular copper ring for 140 gold pieces
  7783 | D:9      | Noticed magog001's ghost (novice HOFi)
  7818 | D:9      | Killed magog001's ghost
  7818 | D:9      | Reached skill level 10 in Axes
  8485 | D:9      | Received a gift from Nemelex Xobeh
  9668 | Lair:1   | Entered Level 1 of the Lair of Beasts
  9768 | Lair:1   | Noticed a spiny frog
  9777 | Lair:1   | Killed a spiny frog
 10067 | Lair:1   | Reached skill level 11 in Axes
 10181 | Lair:1   | Reached skill level 10 in Fighting
 10250 | Lair:1   | Reached XP level 11. HP: 101/101 MP: 11/11
 10325 | Lair:1   | Reached ** piety under Nemelex Xobeh
 10484 | Lair:2   | Noticed a four-headed hydra
 10726 | Lair:2   | Killed a nine-headed hydra
 10726 | Lair:2   | Reached skill level 12 in Axes
 12067 | Lair:4   | Reached XP level 12. HP: 96/113 MP: 12/12
 12361 | Lair:4   | Reached *** piety under Nemelex Xobeh
 12361 | Lair:4   | Received a gift from Nemelex Xobeh
 12587 | Lair:4   | Got a transparent broad axe
 12599 | Lair:4   | Identified the +2 broad axe of Nehum {freeze, *Rage rC+ Int+3 Dex+4} (You found it on level 4 of the Lair of Beasts)
 12617 | Lair:4   | Reached skill level 13 in Axes
 12674 | Lair:5   | Noticed Rupert
 12692 | Lair:5   | Killed Rupert
 12692 | Lair:5   | Reached skill level 10 in Armour
 13148 | Lair:5   | Found a staircase to the Shoals.
 13183 | Lair:5   | Reached skill level 14 in Axes
 13540 | Lair:6   | Noticed a death yak
 13553 | Lair:6   | Killed a death yak
 13578 | Lair:6   | Received a gift from Nemelex Xobeh
 13689 | Lair:6   | Noticed a death yak
 13690 | Lair:6   | Noticed a death yak
 13690 | Lair:6   | Noticed a death yak
 13699 | Lair:6   | Noticed a catoblepas
 13703 | Lair:6   | Killed a death yak
 13723 | Lair:6   | Killed a death yak
 13734 | Lair:6   | Killed a catoblepas
 13741 | Lair:6   | Killed a death yak
 13741 | Lair:6   | Reached XP level 13. HP: 84/122 MP: 13/13
 13838 | Lair:6   | Reached **** piety under Nemelex Xobeh
 13935 | Lair:6   | Reached skill level 15 in Axes
 14309 | Lair:6   | Found a hole to the Spider Nest.
 14396 | Lair:6   | HP: 4/125 [catoblepas/blast of calcifying dust (8)]
 14398 | Lair:6   | Killed from afar by a catoblepas

Skill      XL: |  1  2  3  4  5  6  7  8  9 10 11 12 13 |
---------------+----------------------------------------+-----
Shields        | 4 5 6 7 8 10 11 13 14 | 14.4
Armour         | 4 5 6 7 8 9 10 | 10.8
Axes           | 3 4 6 7 9 11 12 14 15 | 15.2
Fighting       | 4 5 6 7 8 10 11 12 13 | 13.0
Evocations     | 1 |  1.8
Stealth        | 1 2 |  2.3
Slings         | |  0.2

Action                   |  1- 3 |  4- 6 |  7- 9 | 10-12 | 13-15 || total
-------------------------+-------+-------+-------+-------+-------++-------
Melee: War axe           |    43 |    47 |   331 |   500 |       ||   921
       Headbutt          |     5 |    26 |    66 |   138 |    14 ||   249
       Hunting sling     |       |   127 |       |       |       ||   127
       Unarmed           |       |     8 |       |       |       ||     8
       Broad axe         |       |       |       |   156 |    80 ||   236
 Fire: Hunting sling     |    12 |    11 |       |       |       ||    23
 Abil: Blink             |       |       |       |     1 |       ||     1
Evoke: Wand              |       |     2 |     7 |     4 |    10 ||    23
       Deck              |       |       |       |    11 |     5 ||    16
  Use: Scroll            |     5 |     6 |    16 |    15 |       ||    42
       Potion            |       |     3 |    11 |    16 |     7 ||    37
 Stab: Sleeping          |       |       |     2 |       |       ||     2
       Distracted        |       |       |       |     1 |       ||     1
       Petrified         |       |       |       |     1 |     1 ||     2
       Petrifying        |       |       |       |       |     1 ||     1
  Eat: Chunk             |       |    10 |    20 |     6 |       ||    36
       Pizza             |       |     1 |       |     4 |       ||     5
       Bread ration      |       |       |       |     2 |     3 ||     5
       Fruit             |       |       |       |     2 |       ||     2
Armor: Scale mail        |    15 |    65 |    15 |       |       ||    95
       Skin              |       |    34 |       |    15 |    17 ||    66
       Ring mail         |       |       |   109 |   226 |    92 ||   427
Dodge: Dodged            |    14 |    71 |   120 |   186 |    29 ||   420
Block: Shield            |    23 |   138 |   197 |   474 |    78 ||   910
       Reflection        |       |       |       |     2 |       ||     2
